 Dungeon Crawl Stone Soup version 0.30.1-5-ged363bc7ee (webtiles) character file.

Game seed: 15094950353281294214

17 ChiefBigBeans the Shield-Bearer (level 2, -1/24 HPs)
             Began as a Formicid Fighter on Sept 19, 2023.
             Slain by a gnoll
             ... wielding a +0 whip
              (4 damage)
             ... on level 1 of the Dungeon.
             The game lasted 00:00:42 (183 turns).

ChiefBigBeans the Shield-Bearer (Formicid Fighter)   Turns: 183, Time: 00:00:42

Health: -1/24      AC:  6    Str: 20    XL:     2   Next: 80%
Magic:  2/2        EV:  9    Int:  7    God:
Gold:   12         SH:  5    Dex: 13    Spells: 1/1 levels left

rFire   . . .        a - +0 long sword
rCold   . . .        c - +0 buckler
rNeg    . . .        b - +0 scale mail
rPois   .            (helmet unavailable)
rElec   .            (no cloak)
rCorr   .            (no gloves)
SInv    +            (no boots)
Will    .....        (no amulet) Stlth
                     (no ring)
HPRegen 0.24/turn    (no ring)
MPRegen 0.08/turn

%: no passive effects
@: no status effects
A: permanent stasis, dig shafts and tunnels, antennae 3, four strong arms
a: Dig, Shaft Self


You were on level 1 of the Dungeon.
You visited 1 branch of the dungeon, and saw 1 of its levels.

You collected 12 gold pieces.

Inventory:

Hand Weapons
 a - a +0 long sword (weapon)
Armour
 b - a +0 scale mail (worn)
 c - a +0 buckler (worn)
Scrolls
 f - a scroll of identify {unknown}
Potions
 d - a potion of might
 e - a potion of heal wounds {unknown}


   Skills:
 + Level 3.5 Fighting
 + Level 2.3 Long Blades
 + Level 3.5 Armour
 + Level 4.3 Shields


You had one spell level left.
You didn't know any spells.
Your spell library contained the following spells:

 Spells                   Type           Power      Damage    Failure   Level
 Manifold Assault         Tloc           0%         N/A       100%        4
 Storm Form               Tmut/Air       0%         N/A       100%        7
 Blink                    Tloc           Unusable   N/A       N/A         2

Dungeon Overview and Level Annotations

Branches:
Dungeon (1/15)

Altars:

Shops:
D:1 [


Innate Abilities, Weirdness & Mutations

You cannot be hasted, slowed, berserked, paralysed or teleported.
You can dig through walls and to a lower floor.
You have a pair of large antennae on your head. (SInv)
Your four strong arms can wield two-handed weapons with a shield.


Message History

You kill the ball python!
The frilled lizard bites you but does no damage.
The rat closely misses you.
You slash the dart slug!
You kill the dart slug!
The gnoll hits you with a +0 whip. You block the frilled lizard's attack.
The rat barely misses you. The gnoll attacks as you move away!
The gnoll hits you with a +0 whip. The rat bites you but does no damage.
The frilled lizard bites you but does no damage.
Things that are here:
a dart slug corpse; a ball python corpse You closely miss the rat.
The gnoll closely misses you. The rat closely misses you.
The frilled lizard unfolds its giant frill.
You block the frilled lizard's attack. The gnoll hits you with a +0 whip!
* * * LOW HITPOINT WARNING * * *
You block the frilled lizard's attack. The rat misses you.
You hit the rat but do no damage. The gnoll closely misses you.
You block the frilled lizard's attack. The rat bites you but does no damage.
You hit the rat.
You kill the rat!
The frilled lizard barely misses you. The gnoll closely misses you.
You block the gnoll's attack.
You see here a rat corpse.
You hit the frilled lizard but do no damage.
The gnoll barely misses you.
The frilled lizard bites you but does no damage. x2
The gnoll barely misses you.
You closely miss the frilled lizard. The frilled lizard barely misses you.
You block the gnoll's attack.
You miss the frilled lizard.
The frilled lizard bites you but does no damage.
The gnoll hits you with a +0 whip.
* * * LOW HITPOINT WARNING * * *
You miss the frilled lizard. The gnoll hits you but does no damage.
You block the frilled lizard's attack.
The frilled lizard bites you but does no damage.
The gnoll hits you with a +0 whip.
You die...

...............#
#†........# #.
#).....##.#...
###..##...#.#.#
##.............#
..###.............##
.........#.........#
....##..##.........##
.......l@...........#
...##.#g..........#.#
.
#..........#...#.##.
#..##......#..##..[#
#..
#..............###
...
..................#
....
..>................
...#
.............#.)).
... ............#....


You could see a gnoll and a frilled lizard.

Vanquished Creatures
  A dart slug (D:1)
  A ball python (D:1)
  An endoplasm (D:1)
  A giant cockroach (D:1)
  4 goblins (D:1)
  A hobgoblin (D:1)
  2 bats (D:1)
  2 kobolds (D:1)
  A rat (D:1)
14 creatures vanquished.

Notes
Turn   | Place    | Note
-------+----------+-------------------------------------------
     0 | D:1      | ChiefBigBeans the Formicid Fighter began the quest for the
                  | Orb.
     0 | D:1      | Reached XP level 1. HP: 18/18 MP: 1/1
    63 | D:1      | Found Mian's Armour Shoppe.
    75 | D:1      | Reached XP level 2. HP: 22/24 MP: 2/2
   183 | D:1      | Slain by a gnoll

Illustrated notes

Levels and vault maps discovered:
D:1:      dpeg_arrival_yet_another_circle, layout_rooms, serial_shops, shop

Action                     || total
---------------------------++-------
  Melee: Long sword        ||    60
 Armour: Scale mail        ||    49
  Dodge: Dodged            ||    53
  Block: Buckler           ||    26
